 Dungeon Crawl Stone Soup version 0.17-a0-1046-ga09e34d (webtiles) character file.

19583 RobertPalmer the Carver (level 12, -8/133 HPs)
             Began as a Naga Chaos Knight on May 15, 2015.
             Mangled by a 19-headed hydra (9 damage)
             ... on level 12 of the Dungeon.
             The game lasted 00:34:17 (14143 turns).

RobertPalmer the Carver (Naga Chaos Knight)        Turns: 14143, Time: 00:34:17

Health: -8/133     AC: 29    Str: 12    XL:     12   Next: 70%
Magic:  12/12      EV:  1    Int: 12    God:    Xom [......]
Gold:   773        SH: 13    Dex: 13    Spells: 0 memorised, 11 levels left

rFire  . . .     SeeInvis +     a - +4 scimitar (freeze)
rCold  . . .     Clarity  .     (armour currently unavailable)
rNeg   + + +     SustAb   .     F - +2 shield
rPois  +         Gourm    .     (helmet currently unavailable)
rElec  .         Spirit   .     (cloak currently unavailable)
rCorr  .         Warding  .     (gloves currently unavailable)
rMut   .         NoTele   +     (no barding)
MR     ++...                    (no amulet)
Stlth  +.........               N - +3 ring of protection
                                g - ring of protection from magic {MR+, !d}

@: tree-form, very resistant to hostile enchantments, very unstealthy
A: (molten scales 0), see invisible, clumsy 1, (deformed body), dopey 1, frail
1, (poison resistance), (shaggy fur 0), (slowness 0), slow metabolism 1, spit
poison 2, weak 1, AC +4
a: Spit Poison, Renounce Religion


You were on level 12 of the Dungeon.
You worshipped Xom.
You were a very special plaything of Xom.
You were very hungry.
You were a tree.
You visited 1 branch of the dungeon, and saw 13 of its levels.

You collected 773 gold pieces.

Inventory:

Hand weapons
 a - a +4 scimitar of freezing (weapon)
   (You acquired it on level 6 of the Dungeon)
 b - a +0 blowgun
   (You took it off a kobold on level 3 of the Dungeon)
Missiles
 h - 50 poisoned needles
 p - 5 curare-tipped needles
Armour
 j - a +1 cloak (melded)
   (You found it on level 2 of the Dungeon)
 r - a +2 leather armour (melded)
 s - a +0 helmet (melded)
   (You took it off Robin on level 3 of the Dungeon)
 w - a troll hide {regen}
   (You found it on level 11 of the Dungeon)
 E - a +0 pair of gloves (melded)
   (You found it on level 9 of the Dungeon)
 F - a +2 shield (worn)
   (You found it on level 9 of the Dungeon)
Jewellery
 g - a ring of protection from magic (left branch) {MR+, !d}
   (You found it on level 2 of the Dungeon)
 A - an uncursed ring of protection from fire {rF+, !d}
   (You found it on level 8 of the Dungeon)
 D - an uncursed ring of magical power {MP+9}
   (You found it on level 8 of the Dungeon)
 G - an uncursed ring of protection from magic {MR+, !d}
   (You took it off an orc on level 9 of the Dungeon)
 N - a +3 ring of protection (right branch)
   (You took it off an orc wizard on level 10 of the Dungeon)
Magical devices
 f - a wand of enslavement (10)
   (You found it on level 4 of the Dungeon)
 i - a wand of flame (18)
   (You found it on level 4 of the Dungeon)
 v - a wand of magic darts (21)
   (You took it off an orc wizard on level 12 of the Dungeon)
 y - a wand of draining (0)
   (You took it off an orc wizard on level 8 of the Dungeon)
 z - a wand of fireball (8)
   (You found it on level 12 of the Dungeon)
 H - a wand of cold (0)
   (You found it on level 9 of the Dungeon)
 L - a wand of disintegration (12)
   (You found it on level 10 of the Dungeon)
Scrolls
 e - a scroll of identify
 o - 4 scrolls of remove curse
 q - 3 scrolls of enchant weapon
 x - a scroll of magic mapping {!r}
Potions
 d - a potion of magic
 l - a potion of flight
Books
 k - a book of Hinderance
   (You found it on level 11 of the Dungeon)
 C - a book of the Warp
   (You found it on level 11 of the Dungeon)
 K - a book of Transfigurations
   (You found it on level 11 of the Dungeon)
 M - a book of the Dragon
   (You found it on level 11 of the Dungeon)
Miscellaneous
 I - an ornate deck of wonders
   (You found it on level 12 of the Dungeon)
Comestibles
 c - 7 bread rations {@e1}
 m - 6 meat rations {@e2}
 n - 7 royal jellies
 u - 5 fruits


   Skills:
 + Level 4.2 Fighting
 - Level 14.4 Long Blades
 - Level 1.5 Armour
 - Level 7.9 Dodging
 - Level 9.1 Shields


You had 11 spell levels left.
You didn't know any spells.

Dungeon Overview and Level Annotations

Branches:
Dungeon (13/15)            Temple (0/1) D:6            Lair (0/8) D:10
    Orc (0/4) D:11
 Vaults: D:13-14

Altars:
Ashenzari
Cheibriados
Elyvilon
Fedhas
Kikubaaqudgha
Okawaru
Qazlal
Ru
Sif Muna
Vehumet
Xom
Yredelemnul
The Shining One

Annotations:
D:6 Fluffy's ghost, experienced HOFi
D:9 exclusion: statue
D:12 Josephine
D:13 Azrael


Innate Abilities, Weirdness & Mutations

You cannot wear boots.
((Your serpentine skin is tough (AC +4).))
You have supernaturally acute eyesight.
((Armour fits poorly on your strangely shaped body.))
((Your system is resistant to poisons.))
((You cover ground very slowly.))
You have a slow metabolism.
You can spit poison.
((You are partially covered in molten scales (AC +1).))
You are clumsy. (Dex -2)
You are dopey. (Int -2)
You are frail (-10% HP).
((You are covered in fur (AC +1).))
You are weak. (Str -2)


Message History

The 15-headed hydra bites you. The 15-headed hydra bites you!
The 15-headed hydra bites you but does no damage.
You block the 15-headed hydra's attack. x2
The 15-headed hydra bites you but does no damage. x4
You take 24 damage, and have 72/133 hp.
Unknown command.
You lop one of the 15-headed hydra's heads off!
The 14-headed hydra grows two more!
You slash the 16-headed hydra! You freeze the 16-headed hydra.
The 16-headed hydra seems to slow down.
Josephine is infused with unholy energy, but nothing happens.
You hack one of the 16-headed hydra's heads off!
The 15-headed hydra grows two more!
You hit the 17-headed hydra. You freeze the 17-headed hydra.
The 17-headed hydra seems to slow down.
You block the 17-headed hydra's attack.
The 17-headed hydra bites you but does no damage. x2
You block the 17-headed hydra's attack.
The 17-headed hydra bites you but does no damage. x5
You block the 17-headed hydra's attack.
The 17-headed hydra bites you but does no damage. x2
You block the 17-headed hydra's attack. The 17-headed hydra bites you.
The 17-headed hydra bites you. x2
The 17-headed hydra bites you but does no damage.
You take 6 damage, and have 66/133 hp.
You chop one of the 17-headed hydra's heads off!
The 16-headed hydra grows two more!
You hit the 18-headed hydra. You freeze the 18-headed hydra.
The 18-headed hydra seems to slow down.
You block Josephine's attack.
Unknown command.
You hack one of the 18-headed hydra's heads off!
The 17-headed hydra grows two more!
You hit the 19-headed hydra. You freeze the 19-headed hydra.
The 19-headed hydra seems to slow down.
You block the basilisk's attack. Josephine hits you but does no damage.
The 19-headed hydra bites you but does no damage.
You block the 19-headed hydra's attack. x2
The 19-headed hydra bites you but does no damage.
The 19-headed hydra bites you!
The 19-headed hydra bites you but does no damage. x4
The 19-headed hydra bites you!
The 19-headed hydra bites you but does no damage. x6
The 19-headed hydra bites you. x2
The 19-headed hydra bites you but does no damage.
You take 24 damage, and have 42/133 hp.
You barely miss the 19-headed hydra. The basilisk gazes at you.
You resist with almost no effort. Josephine hits you but does no damage.
Unknown command.
Unknown command.
Drink which item? (? for menu, Esc to quit)
Okay, then.
Read which item? (? for menu, Esc to quit)
Okay, then.
You chop one of the 19-headed hydra's heads off!
The 18-headed hydra grows two more!
You slash the 20-headed hydra! You freeze the 20-headed hydra.
The 20-headed hydra bites you!
* * * LOW HITPOINT WARNING * * *
You block the 20-headed hydra's attack.
The 20-headed hydra bites you but does no damage. x3
The 20-headed hydra bites you.
* * * LOW HITPOINT WARNING * * *
The 20-headed hydra bites you but does no damage. x5
The 20-headed hydra completely misses you.
The 20-headed hydra bites you.
* * * LOW HITPOINT WARNING * * *
You block the 20-headed hydra's attack.
The 20-headed hydra bites you but does no damage.
You block the 20-headed hydra's attack. x2
The 20-headed hydra bites you but does no damage.
The 20-headed hydra bites you!
* * * LOW HITPOINT WARNING * * *
The 20-headed hydra bites you!
* * * LOW HITPOINT WARNING * * *
You slice one of the 20-headed hydra's heads off!
You slash the 19-headed hydra! You freeze the 19-headed hydra.
The basilisk gazes at you. You resist with almost no effort.
Josephine hits you but does no damage.
You lop one of the 19-headed hydra's heads off!
The 18-headed hydra grows two more!
You hit the 20-headed hydra. You freeze the 20-headed hydra.
The basilisk bites you but does no damage.
Josephine says, "I'll make a rug of your skin."
Josephine hits you but does no damage.
You take 31 damage, and have 11/133 hp.
MASSIVE DAMAGE!!
You hack one of the 20-headed hydra's heads off!
You slash the 19-headed hydra! You freeze the 19-headed hydra.
The 19-headed hydra seems to slow down.
The 19-headed hydra bites you but does no damage.
You block the 19-headed hydra's attack.
The 19-headed hydra bites you but does no damage.
You block the 19-headed hydra's attack.
The 19-headed hydra bites you but does no damage. x3
The 19-headed hydra bites you.
* * * LOW HITPOINT WARNING * * *
The 19-headed hydra bites you.
* * * LOW HITPOINT WARNING * * *
The 19-headed hydra bites you.
* * * LOW HITPOINT WARNING * * *
The 19-headed hydra bites you!
You die...
Xom snickers!

######### #.#
#######.......# #.#
#.......<.# #.# #.####
#...##..#.###.# #.....
#...##.....##.# ######
#.............#
#....#........###
#....#..#l......#
#......[♣D###.#.###
##.#.##@####.Y>...#
#.#..##.......#.#.#
##.####......##...# ## #.#
#......#..#...####.
###.####........###.......
#......#.........# #.####.
#.#.##.#.<...#.......# ##
#...# #######........


You could see a 19-headed hydra, Josephine and a basilisk.

Vanquished Creatures
  A centaur warrior (D:11)
  6 hill giants
  2 ugly things (D:11)
  A manticore (D:11)
  A centaur zombie (D:12)
  A merfolk (D:10)
  Prince Ribbit (D:5)
  4 trolls
  2 two-headed ogres
  A spriggan (D:10)
  2 shadows (D:11)
  Sigmund (D:5)
  4 wyverns
  2 deep elf magi
  A basilisk (D:10)
  A human (D:10)
  5 hungry ghosts
  Menkaure (D:5)
  16 yaks
  A soldier ant (D:10)
  2 ice beasts
  4 orc warriors
  6 sky beasts
  A water moccasin (D:9)
  6 centaurs
  A black bear (D:7)
  A necrophage (D:10)
  10 ogres
  3 big kobolds
  2 phantoms
  2 jellies (D:10)
  11 giant frogs
  4 scorpions
  14 killer bees
  A vampire bat (D:5)
  A wight (D:11)
  A wasp zombie (D:11)
  8 crimson imps
  2 giant frog zombies (D:6)
  A quasit (D:10)
  6 centaur skeletons
  8 hounds
  13 orc wizards
  8 orc priests
  2 giant frog skeletons
  9 worker ants
  2 hound skeletons
  2 worker ant zombies
  Robin (D:3)
  9 gnolls
  17 adders
  A shadow imp (D:3)
  An adder zombie (D:5)
  4 worms
  3 giant geckos
  32 orcs
  5 bat skeletons (D:5)
  A bat zombie (D:5)
  6 giant cockroaches
  19 hobgoblins
  10 jackals
  26 kobolds
  3 quokkas
  18 bats
  2 giant gecko skeletons (D:7)
  3 giant newts
  19 goblins
  A jackal skeleton (D:4)
  A quokka skeleton (D:9)
  16 rats
383 creatures vanquished.

Vanquished Creatures (collateral kills)
  An unseen horror (D:11)
  An ugly thing (D:11)
  A hungry ghost (D:11)
  An ogre (D:10)
  A giant frog zombie (D:11)
  A giant frog skeleton (D:11)
  A worker ant (D:11)
  An orc (D:11)
  A bat (D:4)
9 creatures vanquished.

Vanquished Creatures (others)
  A dancing weapon (D:10)
  A centaur skeleton (D:12)
  An orc warrior (D:12)
  A black bear (D:11)
  2 crimson imps (D:11)
  2 iron imps (D:11)
  An orc wizard (D:7)
  2 shadow imps (D:11)
  3 white imps
  2 ufetubi (D:11)
  5 orcs
  A goblin (D:3)
  3 kobolds
25 creatures vanquished.

Grand Total: 417 creatures vanquished

Notes
Turn   | Place    | Note
--------------------------------------------------------------
     0 | D:1      | RobertPalmer the Naga Chaos Knight began the quest for the Orb.
     0 | D:1      | Reached XP level 1. HP: 21/21 MP: 1/1
   269 | D:1      | Reached XP level 2. HP: 26/28 MP: 2/2
   544 | D:1      | XOM: divination: detect items
   594 | D:1      | Reached skill level 4 in Long Blades
   594 | D:1      | Reached XP level 3. HP: 14/34 MP: 3/3
   921 | D:2      | XOM: scenery: 2 doors open
  1126 | D:2      | Reached XP level 4. HP: 30/42 MP: 4/4
  1203 | D:2      | Found a sacrificial altar of Ru.
  1223 | D:2      | Reached skill level 5 in Long Blades
  1606 | D:2      | Found a stormy altar of Qazlal.
  1724 | D:2      | XOM: harmless Necr miscast
  1890 | D:2      | Reached XP level 5. HP: 43/49 MP: 5/5
  1990 | D:3      | XOM: smoke on damage
  2017 | D:3      | XOM: 7-stop teleportation journey
  2087 | D:3      | Found a glowing golden altar of the Shining One.
  2239 | D:3      | XOM: god gift: coppery potion
  2261 | D:3      | XOM: summons 1 hostile demon
  2398 | D:3      | Reached skill level 6 in Long Blades
  2600 | D:3      | XOM: silly message
  2611 | D:3      | XOM: give mutations
  2611 | D:3      | Gained mutation: You are frail (-10% HP). [Xom's mischief]
  2611 | D:3      | Gained mutation: You are dopey. (Int -2) [Xom's mischief]
  2616 | D:3      | Noticed Robin
  2633 | D:3      | Killed Robin
  2949 | D:3      | XOM: silly message
  3085 | D:4      | XOM: noise
  3093 | D:4      | Reached XP level 6. HP: 50/50 MP: 6/6
  3308 | D:4      | Noticed a phantom
  3314 | D:4      | Killed a phantom
  3314 | D:4      | Reached skill level 7 in Long Blades
  3469 | D:4      | Noticed an ogre
  3480 | D:4      | Killed an ogre
  3480 | D:4      | Reached XP level 7. HP: 29/55 MP: 7/7
  3794 | D:4      | Reached skill level 8 in Long Blades
  3923 | D:4      | XOM: summons 1 hostile demon
  4048 | D:5      | Entered Level 5 of the Dungeon
  4099 | D:5      | Noticed Prince Ribbit
  4149 | D:5      | Noticed Menkaure
  4149 | D:5      | XOM: butterfly on damage
  4278 | D:4      | XOM: noise
  4279 | D:5      | XOM: repel stairs
  4280 | D:5      | XOM: polymorph worker ant -> hound
  4283 | D:5      | XOM: harmless Necr miscast
  4323 | D:5      | Found a shattered altar of Ashenzari.
  4359 | D:5      | XOM: cast spell 'Dispersal'
  4399 | D:5      | Noticed Sigmund
  4401 | D:5      | XOM: divination: detect creatures
  4406 | D:5      | XOM: blink monster(s)
  4408 | D:5      | XOM: vitrification
  4409 | D:5      | Killed Sigmund
  4409 | D:5      | Reached skill level 9 in Long Blades
  4455 | D:5      | Reached skill level 1 in Dodging
  4455 | D:5      | Reached XP level 8. HP: 50/62 MP: 8/8
  4486 | D:5      | XOM: harmless Fire miscast
  4493 | D:5      | Killed Prince Ribbit
  4493 | D:5      | Reached skill level 3 in Dodging
  4504 | D:5      | Killed Menkaure
  4536 | D:5      | XOM: enchant monster (good)
  4543 | D:5      | Reached skill level 4 in Dodging
  4544 | D:5      | XOM: fog
  4751 | D:5      | Reached skill level 5 in Dodging
  4857 | D:5      | Found an ancient bone altar of Kikubaaqudgha.
  4858 | D:5      | XOM: confuse monster(s)
  4868 | D:5      | XOM: smoke on damage
  5180 | D:5      | XOM: god gift: 21 poisoned bolts
  5281 | D:6      | Noticed Fluffy's ghost (experienced HOFi)
  5281 | D:6      | XOM: summons friendly white imp
  5314 | D:6      | XOM: swap monsters
  5325 | D:6      | XOM: blink monster(s)
  5524 | D:7      | Reached XP level 9. HP: 49/67 MP: 9/9
  5612 | D:7      | Reached skill level 6 in Dodging
  5665 | D:7      | XOM: silly message
  5687 | D:7      | XOM: enchant monster (bad)
  5689 | D:7      | Reached skill level 7 in Dodging
  5809 | D:6      | XOM: swap monsters
  5886 | D:7      | XOM: 3-stop teleportation journey
  5899 | D:7      | XOM: 4-stop teleportation journey
  5984 | D:6      | Found a deep blue altar of Sif Muna.
  5984 | D:6      | Found a snail-covered altar of Cheibriados.
  5986 | D:6      | Found a blossoming altar of Fedhas.
  5991 | D:6      | Found a white marble altar of Elyvilon.
  6010 | D:6      | Found a staircase to the Ecumenical Temple.
  6044 | D:6      | HP: 11/67 [centaur/arrow (14)]
  6046 | D:6      | Identified a scroll of acquirement
  6051 | D:6      | HP: 12/67 [giant frog skeleton (3)]
  6053 | D:6      | HP: 4/67 [giant frog skeleton (3)]
  6122 | D:7      | XOM: 3-stop teleportation journey
  6657 | D:7      | Found a basalt altar of Yredelemnul.
  6666 | D:7      | XOM: medium Air miscast
  6681 | D:7      | Reached skill level 10 in Long Blades
  6833 | D:7      | Reached XP level 10. HP: 69/75 MP: 10/10
  7073 | D:8      | XOM: medium Erth miscast
  7120 | D:8      | Reached skill level 11 in Long Blades
  7655 | D:8      | XOM: potion effect (berserk rage)
  8509 | D:9      | Found an iron altar of Okawaru.
  8524 | D:9      | Found a radiant altar of Vehumet.
  8798 | D:9      | Found a shimmering altar of Xom.
  8827 | D:9      | XOM is BORED!
  8827 | D:9      | XOM: noise
  8941 | D:9      | Reached skill level 12 in Long Blades
  8986 | D:9      | XOM: mild Trmt miscast
  9235 | D:10     | Entered Level 10 of the Dungeon
  9238 | D:9      | XOM: confuse monster(s)
  9334 | D:10     | Noticed a hill giant
  9343 | D:10     | Killed a hill giant
  9356 | D:10     | XOM: harmless Divn miscast
  9375 | D:10     | XOM: confuse monster(s)
  9543 | D:10     | Reached skill level 13 in Long Blades
  9634 | D:10     | Reached XP level 11. HP: 68/81 MP: 11/11
  9938 | D:10     | XOM: vitrification
 10125 | D:10     | XOM: medium Necr miscast
 10165 | D:10     | XOM: chaos cloud
 10174 | D:10     | XOM: confusion (+ monsters)
 10223 | D:10     | XOM: give mutation
 10223 | D:10     | Lost mutation: You are dopey. (Int -2) [Xom's mischief]
 10232 | D:10     | HP: 19/81 [human (6)]
 10248 | D:10     | HP: 10/81 [merfolk/trident (13)]
 10250 | D:10     | Reached skill level 14 in Long Blades
 10253 | D:10     | HP: 7/81 [sky beast (4)]
 10253 | D:10     | HP: 1/81 [sky beast (6)]
 10414 | D:10     | XOM: 5-stop teleportation journey
 10469 | D:10     | Got a smoking scale mail
 10486 | D:10     | Noticed a hill giant
 10498 | D:10     | Killed a hill giant
 10694 | D:10     | XOM: mild Tloc miscast
 10877 | D:10     | XOM: blink monster(s)
 10929 | D:10     | Found a staircase to the Lair.
 11062 | D:10     | Reached skill level 1 in Shields
 11081 | D:10     | Identified the cursed +0 scale mail "Fogenkeb" {rC- MR+++ Int+3 Dex-2} (You took it off an orc on level 10 of the Dungeon)
 11245 | D:11     | Reached skill level 2 in Shields
 11320 | D:11     | XOM: cast spell 'Cause Fear'
 11335 | D:11     | XOM: summons 4 friendly demons
 11357 | D:11     | XOM: summons friendly iron imp
 11359 | D:11     | Reached skill level 3 in Shields
 11492 | D:11     | XOM: enchant monster (good)
 11562 | D:11     | Noticed a hill giant
 11575 | D:11     | Killed a hill giant
 11575 | D:11     | Reached skill level 4 in Shields
 11886 | D:11     | XOM: scenery: create altars
 11912 | D:11     | XOM: summons 5 friendly demons
 12005 | D:11     | Noticed a hill giant
 12012 | D:11     | Killed a hill giant
 12012 | D:11     | Reached skill level 5 in Shields
 12020 | D:11     | XOM: confuse monster(s)
 12036 | D:11     | XOM: polymorph yak -> black bear
 12059 | D:11     | XOM: destruction
 12066 | D:11     | Reached XP level 12. HP: 63/87 MP: 12/12
 12079 | D:11     | Reached skill level 6 in Shields
 12265 | D:11     | Noticed an unseen horror
 12272 | D:11     | Noticed a centaur warrior
 12277 | D:11     | XOM: summons 7 friendly demons
 12280 | D:11     | XOM: cast spell 'Call Canine Familiar'
 12302 | D:11     | XOM: summons 2 friendly demons
 12307 | D:11     | Killed an unseen horror
 12307 | D:11     | Reached skill level 7 in Shields
 12325 | D:11     | XOM: enchant monster (good)
 12349 | D:11     | Killed a centaur warrior
 12357 | D:11     | XOM: summons friendly iron imp
 12567 | D:11     | Noticed a hill giant
 12568 | D:11     | XOM: butterfly on damage
 12579 | D:11     | Killed a hill giant
 12790 | D:11     | Reached skill level 8 in Shields
 12850 | D:11     | XOM: cast spell 'Ice Form'
 12908 | D:11     | XOM: give mutations
 12908 | D:11     | Gained mutation: You are weak. (Str -2) [Xom's mischief]
 12908 | D:11     | Gained mutation: You are clumsy. (Dex -2) [Xom's mischief]
 12908 | D:11     | Gained mutation: You are dopey. (Int -2) [Xom's mischief]
 12957 | D:11     | Gained mutation: You are partially covered in molten scales (AC +1). [potion of mutation]
 13002 | D:11     | Gained mutation: You are covered in fur (AC +1). [potion of beneficial mutation]
 13128 | D:11     | Found a staircase to the Orcish Mines.
 13157 | D:11     | XOM: enchant monster (bad)
 13172 | D:11     | XOM: fog
 13430 | D:11     | XOM: harmless Necr miscast
 13562 | D:12     | Noticed an ogre mage
 13647 | D:12     | XOM: potion effect (heal wounds)
 13657 | D:12     | Reached skill level 9 in Shields
 13892 | D:12     | XOM: chaos upgrade
 13954 | D:12     | XOM: mild Tloc miscast
 13982 | D:12     | Reached skill level 4 in Fighting
 14111 | D:12     | Noticed a seven-headed hydra
 14115 | D:13     | Noticed Josephine
 14115 | D:13     | Noticed Azrael
 14115 | D:13     | XOM: destruction
 14140 | D:12     | HP: 32/133 [20-headed hydra (10)]
 14140 | D:12     | HP: 10/133 [20-headed hydra (7)]
 14143 | D:12     | HP: 4/133 [19-headed hydra (2)]
 14143 | D:12     | HP: 1/133 [19-headed hydra (3)]
 14143 | D:12     | Mangled by a 19-headed hydra

Vault maps used:
D:1:      lightli_arrival_statue_moat
D:2:      nicolae_ru_great_annihilating_truth, nicolae_qazlal_general_emergency
D:3:      nicolae_tso_carved_into_rock, supply_closet_lemuel, uniq_robin
D:5:      kennysheep_vampire_church, cheibrodos_ashenzari_chains, first_bread,
          uniq_sigmund, uniq_prince_ribbit1, uniq_menkaure
D:6:      grunt_temple_overflow_open, minmay_temple_entry_glass
D:7:      old_standard_altar
D:9:      vehumet_statue, lemuel_coloured_pillars_altar, kennysheep_mini
D:10:     lair_0_dummy, hangedman_stone_soup, grunt_ministairs_9
D:11:     hangedman_cross_cluster, minmay_stone_trees_small
D:13:     serial_shops, kennysheep_little_box, enter_bailey_3, uniq_josephine,
          uniq_azrael

Action                   |  1- 3 |  4- 6 |  7- 9 | 10-12 || total
-------------------------+-------+-------+-------+-------++-------
Melee: Falchion          |    81 |   207 |   288 |       ||   576
       Scimitar          |       |       |    52 |   860 ||   912
       Long sword        |       |       |    51 |       ||    51
       Unarmed           |       |       |       |    24 ||    24
 Fire: Blowgun           |       |     3 |    17 |    57 ||    77
 Abil: Spit Poison       |       |     2 |     5 |    15 ||    22
Evoke: Wand              |       |       |       |     5 ||     5
  Use: Scroll            |       |     7 |     4 |     9 ||    20
       Potion            |       |     4 |     6 |    13 ||    23
 Stab: Paralysed         |       |     4 |     6 |     3 ||    13
       Invisible         |       |     4 |       |       ||     4
       Confused          |       |     1 |     2 |     2 ||     5
       Petrifying        |       |       |     2 |       ||     2
       Distracted        |       |       |       |     3 ||     3
  Eat: Chunk             |       |     8 |    10 |    21 ||    39
       Beef jerky        |       |       |     1 |       ||     1

Vault maps used:
D:1:      lightli_arrival_statue_moat
D:2:      nicolae_ru_great_annihilating_truth, nicolae_qazlal_general_emergency
D:3:      nicolae_tso_carved_into_rock, supply_closet_lemuel, uniq_robin
D:5:      kennysheep_vampire_church, cheibrodos_ashenzari_chains, first_bread,
          uniq_sigmund, uniq_prince_ribbit1, uniq_menkaure
D:6:      grunt_temple_overflow_open, minmay_temple_entry_glass
D:7:      old_standard_altar
D:9:      vehumet_statue, lemuel_coloured_pillars_altar, kennysheep_mini
D:10:     lair_0_dummy, hangedman_stone_soup, grunt_ministairs_9
D:11:     hangedman_cross_cluster, minmay_stone_trees_small
D:13:     serial_shops, kennysheep_little_box, enter_bailey_3, uniq_josephine,
          uniq_azrael

Table legend:
 A = Turns spent in this place as a percentage of turns spent in the entire game.
 B = Non-inter-level travel turns spent in this place as a percentage of non-inter-level travel turns spent in the entire game.
 C = Inter-level travel turns spent in this place as a percentage of turns spent in this place.
 D = Turns resting spent in this place as a percentage of non-inter-level travel turns spent in this place.
 E = Turns spent auto-exploring this place as a percentage of non-inter-level travel turns spent in this place.
 F = Non-inter-level travel turns spent in this place divided by the number of levels of this place that you've seen.
                   A       B       C       D       E      F
               +-------+-------+-------+-------+-------+----------------------
         Total | 100.0 | 100.0 |   0.5 |   2.8 |   6.6 | 392.7
       Dungeon | 100.0 | 100.0 |   0.5 |   2.8 |   6.6 | 392.7
               +-------+-------+-------+-------+-------+----------------------

Table legend:
 A = Kills in this place as a percentage of kills in entire the game.
 B = Kills by you in this place as a percentage of kills by you in the entire game.
 C = Kills by friends in this place as a percentage of kills by friends in the entire game.
 D = Other kills in this place as a percentage of other kills in the entire game.
 E = Experience gained in this place as a percentage of experience gained in the entire game.
 F = Experience gained in this place divided by the number of levels of this place that you have seen.
                   A       B       C       D       E      F
               +-------+-------+-------+-------+-------+----------------------
         Total | 100.0 | 100.0 | 100.0 | 100.0 | 100.0 | 2152.0
       Dungeon | 100.0 | 100.0 | 100.0 | 100.0 | 100.0 | 2152.0
               +-------+-------+-------+-------+-------+----------------------
